 Dungeon Sprint DCSS version 0.21.1-1-g345015f (webtiles) character file.

107 wilfster70 the Skirmisher (level 4, -7/39 HPs)
             Began as a Demonspawn Berserker on June 29, 2018.
             Was a Follower of Trog.
             Mangled by Sigmund
             ... wielding a +0 scythe
              (8 damage)
             ... in the Dungeon (Sprint I: "Red Sonja").
             The game lasted 00:01:27 (279 turns).

wilfster70 the Skirmisher (Demonspawn Berserker)     Turns: 279, Time: 00:01:27

Health: -7/39      AC: 11    Str: 18    XL:     4   Next: 56%
Magic:  4/4        EV: 14    Int:  9    God:    Trog [*.....]
Gold:   54         SH:  0    Dex: 17    Spells: 3/3 levels left

rFire    . . .     SeeInvis .   a - +0 falchion
rCold    . . .     Gourm    .   (no shield)
rNeg     . . .     Faith    .   k - +0 chain mail
rPois    .         Spirit   .   (no helmet)
rElec    .         Reflect  .   (no cloak)
rCorr    .         Harm     .   (no gloves)
MR       .....     NoTele   +   (no boots)
Stlth    +.........             (no amulet)
HPRegen  0.13/turn              (no ring)
MPRegen  0.09/turn              (no ring)

@: agile, berserk cooldown, slowed, very slow
A: thin metallic scales 1, nightstalker 1, powered by pain 1
a: Berserk, Burn Spellbooks, Renounce Religion


You were in the Dungeon.
You worshipped Trog.
Trog was aware of your devotion.
You were hungry.

You visited 1 branch You collected 54 gold pieces.

Inventory:

Hand Weapons
 a - a +0 falchion (weapon)
Armour
 b - a +0 animal skin
 k - a +0 chain mail (worn)
Wands
 j - a wand of polymorph (10)
Scrolls
 i - a scroll of blinking
Potions
 d - a potion of curing
 f - a potion of haste
 g - 2 potions of magic
 h - a potion of berserk rage
Comestibles
 c - a ration


   Skills:
 + Level 5.4 Fighting
 + Level 4.9 Long Blades
 + Level 4.4 Armour
 + Level 4.4 Dodging


You had 3 spell levels left.
You didn't know any spells.

Dungeon Overview and Level Annotations

Branches:
Dungeon (1/1)

Altars:

Annotations:
D Sigmund


Innate Abilities, Weirdness & Mutations

You are partially covered in thin metallic scales. (AC +2)
You are slightly more attuned to the shadows.
You sometimes gain a little power by taking damage.


Message History

Sigmund closely misses you.
You hit Sigmund.
Sigmund is heavily wounded.
Sigmund hits you but does no damage.
You barely miss Sigmund.
Sigmund is heavily wounded.
Sigmund casts a spell.
Sigmund flickers and vanishes!
Deactivating autopickup; reactivate with Ctrl-A.
You closely miss something. Something hits you but does no damage.
Something hits you.
You miss something. Something hits you!
* * * LOW HITPOINT WARNING * * *
You focus on the pain.
You feel agile all of a sudden.
You miss something. Something hits you!
* * * LOW HITPOINT WARNING * * *
You closely miss something. Something barely misses you.
You hit something but do no damage. Something hits you!
You die...

#############
#<.#..').#.@+
#..'..#..'{.#
#..#####'####
#..# #..#
#..# ####
#..# #⌠⌠#
####


There were no monsters in sight!

Vanquished Creatures
  An ogre (D)
  Ijyb (D)
2 creatures vanquished.

Notes
Turn   | Place    | Note
-------+----------+-------------------------------------------
     0 | D        | wilfster70 the Demonspawn Berserker began the quest for the Orb.
     0 | D        | Reached XP level 1. HP: 18/18 MP: 1/1
     1 | D        | Noticed Ijyb
     9 | D        | Killed Ijyb
     9 | D        | Reached skill level 4 in Fighting
     9 | D        | Gained mutation: You are partially covered in thin metallic scales. (AC +2) [demonic ancestry]
     9 | D        | Reached XP level 2. HP: 25/25 MP: 2/2
    93 | D        | Noticed an ogre
    99 | D        | Killed an ogre
    99 | D        | Reached skill level 5 in Fighting
    99 | D        | Gained mutation: You are slightly more attuned to the shadows. [demonic ancestry]
    99 | D        | Reached XP level 3. HP: 24/33 MP: 3/3
    99 | D        | Gained mutation: You sometimes gain a little power by taking damage. [demonic ancestry]
    99 | D        | Reached XP level 4. HP: 29/39 MP: 4/4
   241 | D        | Noticed Sigmund
   277 | D        | HP: 1/39 [something (9)]
   279 | D        | Mangled by Sigmund

Skill      XL: |  1  2 |
---------------+-------+-----
Fighting       | 4 5 |  5.4
Long Blades    | 3 4 |  4.9
Armour         | 3 4 |  4.4
Dodging        | 3 4 |  4.4

Action                   |  1- 3 |  4- 6 || total
-------------------------+-------+-------++-------
Melee: Falchion          |     9 |    27 ||    36
Invok: Berserk           |     2 |     1 ||     3
  Use: Potion            |       |     1 ||     1
Armor: Animal skin       |     1 |       ||     1
       Chain mail        |     1 |    14 ||    15
Dodge: Dodged            |     2 |     2 ||     4
